 Dungeon Crawl Stone Soup version 0.28.0-45-g0d030f2227 (webtiles) character file.

Game seed: 16136902940155225399

764 pkoi the Insei (level 7, -9/57 HPs)
             Began as a Demigod Gladiator on Apr 19, 2022.
             Mangled by an ogre
             ... wielding a +0 giant spiked club
              (25 damage)
             ... on level 5 of the Dungeon.
             The game lasted 00:09:56 (7027 turns).

pkoi the Insei (Demigod Gladiator)                  Turns: 7027, Time: 00:09:56

Health: -9/57      AC:  5    Str: 15    XL:     7   Next: 26%
Magic:  10/12      EV: 13    Int: 24    God:
Gold:   26         SH:  0    Dex: 15    Spells: 2/9 levels left

rFire   + . .      SeeInvis .     - Unarmed
rCold   . . .      Faith    .   (no shield)
rNeg    . . .      Spirit   .   d - +0 leather armour
rPois   .          Reflect  .   f - +0 helmet
rElec   +          Harm     .   o - +0 cloak
rCorr   +          Rampage  .   (no gloves)
Will    .....                   (no boots)
Stlth   ++........              g - amulet of magic regeneration
HPRegen 0.19/turn               l - ring "Ysamuutz" {rElec rF+ rCorr Int+6 Stlth+}
MPRegen 0.53/turn               (no ring)

@: no status effects
A: high MP 1, forlorn, divine attributes
a: no special abilities


You were on level 5 of the Dungeon.
You visited 1 branch of the dungeon, and saw 5 of its levels.

You collected 1192 gold pieces.
You spent 1166 gold pieces at shops.

Inventory:

Hand Weapons
 a - a +1 dagger of venom
 b - a +0 hunting sling
 i - a +0 dagger
Missiles
 c - 3 throwing nets (quivered)
 h - 144 stones
 k - 35 sling bullets
Armour
 d - a +0 leather armour (worn)
 f - a +0 helmet (worn)
 o - a +0 cloak (worn)
Jewellery
 g - an amulet of magic regeneration (around neck)
 l - the ring "Ysamuutz" (left hand) {rElec rF+ rCorr Int+6 Stlth+}
   (You bought it in a shop on level 1 of the Dungeon)

   [ring of intelligence]

   Int:       It affects your intelligence (+6).
   rF:        It protects you from fire.
   rElec:     It insulates you from electricity.
   rCorr:     It protects you from acid and corrosion.
   Stlth:     It makes you more stealthy.
Wands
 m - a wand of iceblast (4)
 r - a wand of acid (15)
Scrolls
 e - a scroll of summoning
 j - 3 scrolls of identify
 p - a scroll of teleportation
Potions
 n - 2 potions of cancellation {unknown}


   Skills:
 + Level 3.1 Fighting
 - Level 1.7 Throwing
 + Level 3.8 Dodging
 + Level 0.4 Stealth
 * Level 5.8 Unarmed Combat
 + Level 1.5 Spellcasting
 + Level 1.6 Hexes
 + Level 1.6 Transmutations
 + Level 1.5 Ice Magic
 + Level 0.3 Air Magic


You had 2 spell levels left.
You knew the following spells:

 Your Spells              Type           Power      Damage    Failure   Level
a - Ensorcelled Hibernat  Hex/Ice        18%        N/A       12%         2
b - Passwall              Tmut/Erth      4%         N/A       17%         2
c - Swiftness             Air            3%         N/A       36%         3

Your spell library contained the following spells:

 Spells                   Type           Power      Damage    Failure   Level


Dungeon Overview and Level Annotations

Branches:
Dungeon (5/15)
 Temple: D:4-7

Shops:
D:1 =   D:4 !


Innate Abilities, Weirdness & Mutations

You have an increased reservoir of magic. (+10% MP)
You shall have no god before yourself.
Your divine heritage dramatically boosts your attributes as you level up.


Message History

You now have 26 gold pieces (gained 11).
Things that are here:
a +0 short sword; a +0 scale mail You feel a little less mighty now.
An ogre comes into view. It is wielding a +0 giant spiked club.
An ogre is nearby!
An ogre is nearby!
The ogre shouts!
You barely miss the ogre.
The ogre hits you with a +0 giant spiked club!
* * * LOW HITPOINT WARNING * * *
You barely miss the ogre. You hit the ogre.
The ogre is lightly wounded.
The ogre misses you.
You hit the ogre.
The ogre is moderately wounded.
The ogre hits you but does no damage.
You hit the ogre but do no damage.
The ogre is moderately wounded.
You barely miss the ogre.
The ogre is moderately wounded.
The ogre closely misses you.
You hit the ogre.
The ogre is moderately wounded.
The ogre hits you with a +0 giant spiked club!!
* * * LOW HITPOINT WARNING * * *
You hit the ogre.
The ogre is heavily wounded.
You barely miss the ogre.
The ogre is heavily wounded.
The ogre misses you.
Casting: Ensorcelled Hibernation (safe; 12% risk of failure)
Confirm with . or Enter, or press ? or * to list all spells.
Aiming: Ensorcelled Hibernation (safe; 12% risk of failure)
Press: ? - help, Shift-Dir - straight line, f - ogre
Aim: an ogre, wielding a +0 giant spiked club (heavily wounded, chance to affect: 43%)
The ogre resists with some effort.
The ogre hits you with a +0 giant spiked club!!
You die...

##......####
#....#..# ##
#.##...## .##
....#..## #####..##
....##..#### #.......
....##>>...## #.....#
....##.###.?###.....#
....##.# ##..##..O..#
######.# ##.)..@...#
..# ###......# ...
#........# ####
#.##.....# ...
#.....# ..## #######
.. #


You could see an ogre.

Vanquished Creatures
  2 ogres (D:4)
  A centaur (D:5)
  A bullfrog zombie (D:5)
  Crazy Yiuf (D:3)
  3 orc priests
  A hound (D:3)
  Jessica (D:3)
  Natasha (thrice) (D:2)
  Terence (D:3)
  An iguana (D:4)
  3 orc wizards
  A hound skeleton (D:4)
  2 adders
  A dart slug (D:3)
  5 orcs
  9 ball pythons
  7 endoplasms
  4 giant cockroaches
  7 goblins
  5 hobgoblins
  4 jackals (D:2)
  2 quokkas
  3 bats
  3 frilled lizards (D:1)
  6 kobolds
  4 rats
81 creatures vanquished.

Vanquished Creatures (others)
  3 fungi (D:3)
3 creatures vanquished.

Grand Total: 84 creatures vanquished

Notes
Turn   | Place    | Note
-------+----------+-------------------------------------------
     0 | D:1      | pkoi the Demigod Gladiator began the quest for the Orb.
     0 | D:1      | Reached XP level 1. HP: 17/17 MP: 3/3
   102 | D:1      | Found Ronnigid's Jewellery Emporium.
   150 | D:1      | Reached skill level 3 in Unarmed Combat
   282 | D:1      | Reached XP level 2. HP: 11/24 MP: 4/4
  1381 | D:2      | Reached XP level 3. HP: 20/29 MP: 5/5
  1662 | D:2      | Reached skill level 4 in Unarmed Combat
  2090 | D:2      | Noticed Natasha
  2097 | D:2      | Killed Natasha
  2334 | D:3      | Reached XP level 4. HP: 33/36 MP: 6/6
  2495 | D:3      | Noticed a +0 short sword
  2495 | D:3      | Noticed a +0 spear
  2496 | D:3      | Noticed a +0 dagger
  2496 | D:3      | Noticed a +0 falchion
  2496 | D:3      | Noticed a +0 spear
  2497 | D:3      | Noticed a +0 dagger
  2497 | D:3      | Noticed a +0 falchion
  2497 | D:3      | Noticed a +0 short sword
  2604 | D:3      | Noticed Terence
  2627 | D:3      | Killed Terence
  2832 | D:3      | Noticed Jessica
  2853 | D:3      | Killed Jessica
  2964 | D:3      | Found a runed translucent door.
  2965 | D:3      | Noticed Crazy Yiuf
  2980 | D:3      | Killed Crazy Yiuf
  2981 | D:3      | Reached XP level 5. HP: 15/42 MP: 7/7
  3315 | D:3      | Reached skill level 5 in Unarmed Combat
  3541 | D:3      | Learned a level 2 spell: Ensorcelled Hibernation
  3544 | D:3      | Learned a level 2 spell: Passwall
  3654 | D:4      | Noticed an ogre
  3677 | D:4      | Killed an ogre
  4204 | D:3      | Reached XP level 6. HP: 38/50 MP: 9/9
  4435 | D:4      | Reached skill level 1 in Transmutations
  4954 | D:3      | Reached skill level 1 in Spellcasting
  5092 | D:3      | Reached skill level 1 in Hexes
  5092 | D:3      | Reached skill level 1 in Ice Magic
  5283 | D:4      | Found Birr's Distillery.
  5289 | D:4      | Bought a potion of mutation for 112 gold pieces
  5517 | D:4      | Identified a scroll of acquirement
  5517 | D:4      | Acquired 960 gold pieces
  6583 | D:2      | Noticed Natasha
  6593 | D:2      | Killed Natasha
  6594 | D:2      | Reached XP level 7. HP: 57/57 MP: 11/11
  6635 | D:1      | Bought the ring "Ysamuutz" {rElec rF+ rCorr Int+6 Stlth+}
                  | for 1054 gold pieces
  6645 | D:1      | Learned a level 3 spell: Swiftness
  6680 | D:2      | Noticed Natasha
  6690 | D:2      | Killed Natasha
  6779 | D:5      | Entered Level 5 of the Dungeon
  7027 | D:5      | Mangled by an ogre

Illustrated notes

Levels and vault maps discovered:
D:1:      dpeg_arrival_tiny_a, layout_rooms,
          shapermc_ecumenical_altar_mp_vishouse, serial_shops, shop,
          minmay_close_crescents
D:2:      layout_rooms, uniq_natasha
D:3:      layout_basic, nicolae_uskayaw_en_pointe, tgw_sif,
          lightli_temple_of_fire, minmay_stone_trees_small,
          uniq_crazy_yiuf_cottage, uniq_terence
D:4:      layout_gridville, serial_shops, nicolae_shop_statue_plus,
          grunt_ministairs_9
D:5:      layout_rooms, minmay_temple_entry_overgrown

Skill      XL: |  1  2  3  4  5  6 |
---------------+-------------------+-----
Unarmed Combat | 3 4 5 |  5.8
Fighting       | 2 3 |  3.1
Dodging        | 3 |  3.8
Transmutations | 1 |  1.6
Spellcasting   | 1 |  1.5
Hexes          | 1 |  1.6
Ice Magic      | 1 |  1.5
Throwing       | |  1.7
Stealth        | |  0.4
Air Magic      | |  0.3

Action                   |  1- 3 |  4- 6 |  7- 9 || total
-------------------------+-------+-------+-------++-------
Melee: Unarmed           |    75 |       |    10 ||    85
       Dagger            |    49 |   133 |    21 ||   203
       Punch             |     1 |     5 |     3 ||     9
 Fire: Hunting sling     |    26 |       |       ||    26
 Cast: Ensorcelled Hiber |       |       |     2 ||     2
  Use: Scroll            |     4 |     4 |       ||     8
       Potion            |       |       |     1 ||     1
 Stab: Sleeping          |       |     1 |     1 ||     2
Armor: Leather armour    |    27 |    31 |    14 ||    72
Dodge: Dodged            |    93 |    69 |    20 ||   182
